 Dungeon Crawl Stone Soup version 0.30-a0-122-g2a1322497e (webtiles) character file.

Game seed: 10806130210677371711

223 Iusername the Covered (level 5, -1/47 HPs)
             Began as a Minotaur Fighter on Sept 15, 2022.
             Slain by a lemure (3 damage)
             ... led by Pikel
             ... on level 4 of the Dungeon.
             The game lasted 00:05:17 (2917 turns).

Iusername the Covered (Minotaur Fighter)            Turns: 2917, Time: 00:05:18

Health: -1/47      AC:  7    Str: 21    XL:     5   Next: 66%
Magic:  4/4        EV:  9    Int:  7    God:
Gold:   126        SH:  4    Dex:  9    Spells: 4/4 levels left

rFire   . . .      SeeInvis .    a - +0 long sword
rCold   . . .      Faith    .    c - +0 buckler
rNeg    . . .      Spirit   .    b - +0 scale mail
rPois   .          Reflect  .    (helmet restricted)
rElec   .          Harm     .    (no cloak)
rCorr   .          Rampage  .    (no gloves)
Will    .....                    (no boots)
Stlth   ..........               (no amulet)
HPRegen 0.15/turn                (no ring)
MPRegen 0.09/turn                (no ring)

@: mighty
A: horns 2, retaliatory headbutt
a: no special abilities


You were on level 4 of the Dungeon.
You visited 1 branch of the dungeon, and saw 4 of its levels.

You collected 126 gold pieces.

Inventory:

Hand Weapons
 a - a +0 long sword (weapon)
Armour
 b - a +0 scale mail (worn)
 c - a +0 buckler (worn)
Wands
 r - a wand of mindburst (12)
Scrolls
 i - a scroll of poison {unknown}
 j - a scroll of magic mapping {unknown}
 k - a scroll of enchant armour {unknown}
 l - a scroll of teleportation {unknown}
 n - 2 scrolls of identify {unknown}
 p - a scroll of summoning {unknown}
 q - 2 scrolls of butterflies {unknown}
Potions
 e - a potion of ambrosia {unknown}
 f - a potion of cancellation {unknown}
 g - a potion of mutation {unknown}
 h - a potion of degeneration {unknown}
 m - a potion of curing {unknown}
 o - a potion of lignification {unknown}
 s - 2 potions of brilliance {unknown}


   Skills:
 + Level 4.7 Fighting
 + Level 4.6 Long Blades
 + Level 4.8 Armour
 + Level 1.0 Dodging
 + Level 4.6 Shields


You had 4 spell levels left.
You didn't know any spells.
Your spell library contained the following spells:

 Spells                   Type           Power      Damage    Failure   Level
 Animate Armour           Summ/Erth      0%         N/A       100%        4
 Blade Hands              Tmut           0%         N/A       100%        5
 Iron Shot                Conj/Erth      0%         9d1       100%        6


Dungeon Overview and Level Annotations

Branches:
Dungeon (4/15)
 Temple: D:4-7

Altars:
Wu Jian

Shops:
D:2 :

Annotations:
D:4 Eustachio, Pikel


Innate Abilities, Weirdness & Mutations

You have a pair of horns on your head.
You reflexively headbutt those who attack you in melee.


Message History

Pikel, Merchant of Souls comes into view.
He is wielding a +0 whip of freezing.
Pikel shouts!
The lemure barely misses you. You furiously retaliate!
You headbutt the lemure! You slash the goblin!
You kill the goblin!
The lemure closely misses you. You furiously retaliate!
You headbutt the lemure!
A lemure comes into view.
The lemure barely misses you. The lemure attacks as you move away!
The lemure hits you. The lemure barely misses you.
The lemure hits you but does no damage.
Things that are here:
a +0 dagger; a goblin corpse The lemure attacks as you move away!
The lemure barely misses you. You furiously retaliate!
You headbutt the lemure! You block Pikel's attack.
You hit Pikel. Your headbutt misses Pikel.
Pikel is lightly wounded.
You block the lemure's attack.
Pikel hits you with a +0 whip of freezing.
Pikel freezes you.
Eustachio drinks a potion.
Eustachio suddenly seems more resistant.
The lemure closely misses you.
Eustachio asks, "How can you live without manners, virtues and honour?"
Eustachio mumbles some strange words.
The lemure hits you. The lemure closely misses you.
You block the lemure's attack.
Pikel hits you with a +0 whip of freezing.
Pikel freezes you.
You closely miss Pikel. Your headbutt misses Pikel.
Pikel is lightly wounded.
The lemure hits you. x2
* * * LOW HITPOINT WARNING * * *
Pikel closely misses you. The lemure hits you.
* * * LOW HITPOINT WARNING * * *
You closely miss Pikel. Your headbutt misses Pikel.
Pikel is lightly wounded.
The lemure closely misses you. The lemure hits you.
* * * LOW HITPOINT WARNING * * *
The lemure hits you.
You die...

#.#. ### # #...
@.. .. #.#.##
#.#
#.###.##.###.#
#..)..<.....#
#.#......r.##
#####....@#
#.K.##..55###.#
#.... ##.5@K5..#
##.§§##..#.#####
##§####...# #§#
###.. ####


You could see Eustachio (resistant), Pikel, 4 lemures and a river rat
(summoned).

Vanquished Creatures
  A centaur (D:3)
  A jelly (D:3)
  Robin (D:2)
  2 adders
  5 orcs (D:3)
  3 ball pythons
  4 endoplasms
  7 giant cockroaches
  16 goblins
  6 hobgoblins
  6 jackals (D:2)
  3 quokkas
  4 bats
  3 frilled lizards
  7 kobolds
  7 rats
76 creatures vanquished.

Notes
Turn   | Place    | Note
-------+----------+-------------------------------------------
     0 | D:1      | Iusername the Minotaur Fighter began the quest for the Orb.
     0 | D:1      | Reached XP level 1. HP: 19/19 MP: 0/0
   223 | D:1      | Reached XP level 2. HP: 18/27 MP: 1/1
   643 | D:1      | Found a faded altar of an unknown god.
  1038 | D:2      | Reached XP level 3. HP: 28/33 MP: 2/2
  1122 | D:2      | Found Dew Waf's Book Shoppe.
  1289 | D:2      | Noticed Robin
  1302 | D:2      | Killed Robin
  1303 | D:2      | Reached XP level 4. HP: 37/40 MP: 3/3
  1411 | D:2      | Found an ornate altar of the Wu Jian Council.
  1975 | D:3      | Noticed a centaur
  1992 | D:3      | Killed a centaur
  1993 | D:3      | Reached skill level 1 in Dodging
  1993 | D:3      | Reached XP level 5. HP: 5/47 MP: 4/4
  2531 | D:3      | Found an ornate altar of the Wu Jian Council.
  2902 | D:4      | Noticed a lemure
  2902 | D:4      | Noticed a lemure
  2905 | D:4      | Noticed a lemure
  2910 | D:4      | Noticed Eustachio
  2911 | D:4      | Noticed Pikel
  2912 | D:4      | Noticed a lemure
  2917 | D:4      | HP: 2/47 [lemure[Pikel] (2)]
  2917 | D:4      | Slain by a lemure

Illustrated notes

Levels and vault maps discovered:
D:1:      scummos_arrival_simple_fountains, layout_basic,
          hellmonk_ecumenical_altar_zigzags
D:2:      layout_rooms, serial_shops, nicolae_shop_advertising_works
          [nicolae_subvault_shop_adworks], basic_altar,
          minmay_worlds_worst_comb, uniq_robin
D:3:      layout_rooms, nzn_wu_jian_contemplation
D:4:      due_chaos_kobolds, layout_loops_ring, minmay_temple_entry_slanted,
          nicolae_ossuary_entry_monument, uniq_pikel, uniq_eustachio

Skill      XL: |  1  2  3  4 |
---------------+-------------+-----
Shields        | 4 |  4.6
Armour         | 4 |  4.8
Fighting       | 4 |  4.7
Long Blades    | 3 4 |  4.6
Dodging        | 1 |  1.0

Action                   |  1- 3 |  4- 6 || total
-------------------------+-------+-------++-------
Melee: Long sword        |   101 |    70 ||   171
       Headbutt          |    15 |     7 ||    22
  Use: Potion            |     1 |     1 ||     2
Armor: Scale mail        |    69 |    37 ||   106
Dodge: Dodged            |    57 |    42 ||    99
Block: Buckler           |    24 |    34 ||    58

Table legend: (Time is in decaauts)
 A = Elapsed time spent in this place.
 B = Non-inter-level travel time spent in this place.
 C = Inter-level travel time spent in this place.
 D = Time resting spent in this place.
 E = Time spent auto-exploring this place.
 F = Levels seen in this place.
 G = Mean time per level.
                   A        B        C        D        E       F      G
               +--------+--------+--------+--------+--------+-----+--------+
         Total |   3012 |   2991 |     21 |    907 |   1431 |   4 |  753.0 |
       Dungeon |   3012 |   2991 |     21 |    907 |   1431 |   4 |  753.0 |
               +--------+--------+--------+--------+--------+-----+--------+

Top non-repeatable levels by time:
     D:3: 1277 daAuts
     D:1: 1037 daAuts
     D:2: 675 daAuts
     D:4: 23 daAuts
